 Dungeon Crawl Stone Soup version 0.28.0-53-g5a82cb258f (webtiles) character file.

Game seed: 8625371934872030791

4 Descartes the Sneak (level 1, -3/10 HPs)
             Began as a Felid Delver on July 14, 2022.
             Slain by an orc
             ... wielding a +2 short sword of venom
              (5 damage)
             ... on level 3 of the Dungeon.
             The game lasted 00:00:35 (343 turns).

Descartes the Sneak (Felid Delver)                   Turns: 343, Time: 00:00:37

Health: -3/10      AC:  1    Str:  8    XL:     1   Next: 50%
Magic:  2/2        EV: 17    Int: 11    God:
Gold:   20         SH:  0    Dex: 17    Spells: 0/0 levels left
                                        Lives:  0   Deaths: 0

rFire   . . .      SeeInvis +     - Unarmed
rCold   . . .      Faith    .   (shield unavailable)
rNeg    . . .      Spirit   .   (armour unavailable)
rPois   .          Reflect  .   (helmet unavailable)
rElec   .          Harm     .   (cloak unavailable)
rCorr   .          Rampage  .   (gloves unavailable)
Will    .....                   (boots unavailable)
Stlth   ++++......              (no amulet)
HPRegen 0.03/turn               (no ring)
MPRegen 0.08/turn               (no ring)

@: lethally poisoned (-3 -> -13), quick
A: very small, claws 1, fangs 3, see invisible, speed 1, shaggy fur 1, stealthy
paws, no weapons or thrown items, no armour, multi-lived
a: no special abilities


You were on level 3 of the Dungeon.
You visited 1 branch of the dungeon, and saw 3 of its levels.

You collected 20 gold pieces.

Inventory:

Jewellery
 f - a ring of protection from fire
Wands
 e - a wand of digging (3)
Scrolls
 a - a scroll of fog
 b - a scroll of magic mapping
 c - a scroll of fear
Potions
 d - a potion of haste


   Skills:
 - Level 3.0 Fighting
 - Level 2.6 Dodging
 + Level 6.9 Stealth
 - Level 2.0 Unarmed Combat


You couldn't memorise any spells.
You didn't know any spells.
Your spell library contained the following spells:

 Spells                   Type           Power      Damage    Failure   Level
 Magic Dart               Conj           0%         1d3       34%         1
 Call Imp                 Summ           0%         N/A       47%         2
 Gell's Gravitas          Tloc           0%         N/A       71%         3
 Lesser Beckoning         Tloc           0%         N/A       71%         3
 Mephitic Cloud           Conj/Pois/Air  0%         N/A       71%         3
 Teleport Other           Tloc           0%         N/A       71%         3


Dungeon Overview and Level Annotations

Branches:
Dungeon (5/15)
 Temple: D:4-7

Altars:


Innate Abilities, Weirdness & Mutations

You have sharp claws.
You have razor-sharp teeth.
You have supernaturally acute eyesight. (SInv)
You cover ground quickly. (Speed+)
You are covered in fur. (AC +1)
Your paws help you pounce on unaware monsters.
You are incapable of wielding weapons or throwing items.
You cannot wear armour.
You gain extra lives every three experience levels.


Message History

No target in view!
An orc comes into view.
It is wielding a +2 short sword of venom.
Things that are here:
a +0 club; a +0 scale mail An orc comes into view.
It is wielding a +3 dagger of venom.
You pounce on the unaware helpless orc!
You mangle the orc!!
You kill the orc!
The orc shouts!
The orc barely misses you.
You scratch the orc.
The orc is severely wounded.
The orc hits you with a +2 short sword of venom.
Ouch! That really hurt!
You are lethally poisoned!
You are too injured to fight recklessly!
You are too injured to fight recklessly!
You are too injured to fight recklessly!
You are too injured to fight recklessly!
You are too injured to fight recklessly!
You are too injured to fight recklessly!
You are too injured to fight recklessly!
You are too injured to fight recklessly!
You are too injured to fight recklessly!
You are too injured to fight recklessly!
You are too injured to fight recklessly!
You are too injured to fight recklessly!
You are too injured to fight recklessly!
You are too injured to fight recklessly!
You are too injured to fight recklessly!
You are too injured to fight recklessly!
You are too injured to fight recklessly!
You are too injured to fight recklessly!
You are too injured to fight recklessly!
You are too injured to fight recklessly!
You scratch the orc but do no damage. You bite the orc, but do no damage.
The orc is severely wounded.
* * * LOW HITPOINT WARNING * * *
You feel very sick.
The orc hits you with a +2 short sword of venom.
Ouch! That really hurt!
You die...

.# .#
###########.#
#.........>.#
#.###########
###### #.#
......## #.#
.####.).###.#.#
......#.@o..#.#
#...#####.#
######)#### #.#
#.........###.#
...####.##.....#
#.######## #.#
#.# #.#


You could see an orc.

Vanquished Creatures
  2 orcs (D:3)
2 creatures vanquished.

Notes
Turn   | Place    | Note
-------+----------+-------------------------------------------
     0 | D:5      | Descartes the Felid Delver began the quest for the Orb.
     0 | D:5      | Reached XP level 1. HP: 10/10 MP: 2/2
    21 | D:5      | Noticed an iguana
    24 | D:5      | Noticed a water moccasin
    65 | D:5      | Noticed an orc priest
    67 | D:5      | Noticed an orc priest
    74 | D:4      | Noticed a black bear
   343 | D:3      | Slain by an orc

Illustrated notes

Levels and vault maps discovered:
D:3:      layout_loops_ring, lemuel_round_altar, hangedman_ru_absence,
          nicolae_hepliaklqana_monster_ancestors, serial_shops, shop,
          kennysheep_generic_room_6
D:4:      layout_basic, minmay_temple_entry_offerings, serial_glass,
          glass_columns_b, glass_columns_c, serial_bayou_lagoon_a
D:5:      layout_loops_ring, nicolae_dithmenos_shadow_blocks,
          guppyfry_early_lair_pool

Action                   || total
-------------------------++-------
Melee: Unarmed           ||     5
       Bite              ||     1
 Stab: Sleeping          ||     2
Dodge: Dodged            ||     9
